[ AOE2 MATCH · #495351163 ]
UnrankedMongols vs Tupi
Player's team · LOSS
Rival team · WIN
[ REPLAY ANALYSIS · EXTRACTED FROM THE RECORDED GAME ]
Feudal
9:13
Castle
—
Imperial
—
| APM avg | 48.7 |
| APM peak | 103 |
| eAPM avg | 17.5 |
| Villagers / military | 56 / 28 |
Focus
⚔️ 39.8% · 🌾 60.2%
Archer ×28
Feudal
14:28
Castle
27:47
Imperial
—
| APM avg | 49.3 |
| APM peak | 86 |
| eAPM avg | 21.5 |
| Villagers / military | 71 / 13 |
Focus
⚔️ 24.3% · 🌾 75.7%
Skirmisher ×12 · Unknown (2579) ×2 · Mangonel ×1
Match map
Initial resources + every placement click. Lines = walls · curves = elevation contours. ◆ gold · ⬟ stone · ● berries · ✦ relic · ◌ wall gap
Your base· Open — 3t gap
TRUM's base· Open — unwalled flank
Smoothed initial terrain · ◌ = detected wall gap · hover for details
Inputs per minute
— DS_Rene Lavand - - TRUM
Build order — DS_Rene Lavand
134 actions detected in the replay
| 0:02 | Create | Villager (Male) |
| 0:02 | Create | Villager (Male) |
| 0:02 | Create | Villager (Male) |
| 0:02 | Create | Villager (Male) |
| 0:03 | Create | Villager (Male) |
| 0:04 | Build | House |
| 0:05 | Build | House |
| 1:34 | Create | Villager (Male) |
| 1:34 | Create | Villager (Male) |
| 1:47 | Build | Lumber Camp |
| 2:28 | Create | Villager (Male) |
| 2:28 | Create | Villager (Male) |
| 2:44 | Create | Villager (Male) |
| 2:59 | Create | Villager (Male) |
| 3:30 | Create | Villager (Male) |
| 3:30 | Create | Villager (Male) |
| 3:30 | Create | Villager (Male) |
| 3:33 | Build | House |
| 4:02 | Create | Villager (Male) |
| 4:02 | Create | Villager (Male) |
| 4:02 | Create | Villager (Male) |
| 5:20 | Create | Villager (Male) |
| 5:20 | Create | Villager (Male) |
| 5:26 | Build | Barracks |
| 6:01 | Create | Villager (Male) |
| 6:02 | Research | Loom |
| 6:25 | Build | House |
| 6:41 | Research | Feudal Age |
| 7:57 | Build | House |
| 9:13 | Age | Feudal Age |
| 9:20 | Create | Villager (Male) |
| 9:20 | Create | Villager (Male) |
| 9:21 | Create | Villager (Male) |
| 9:21 | Create | Villager (Male) |
| 9:21 | Create | Villager (Male) |
| 9:21 | Create | Villager (Male) |
| 9:45 | Build | Archery Range |
| 9:51 | Build | Town Center |
| 10:01 | Build | House |
| 10:04 | Build | House |
| 11:05 | Build | Mill |
| 11:07 | Create | Villager (Male) |
| 11:07 | Create | Villager (Male) |
| 11:08 | Create | Villager (Male) |
| 11:08 | Create | Villager (Male) |
| 11:10 | Create | Archer |
| 11:10 | Create | Archer |
| 12:06 | Build | Mining Camp |
| 12:08 | Create | Villager (Male) |
| 12:50 | Build | Palisade Wall |
| 12:52 | Build | House |
| 13:01 | Build | Palisade Gate |
| 13:25 | Create | Villager (Male) |
| 13:25 | Create | Villager (Male) |
| 13:25 | Create | Villager (Male) |
| 13:46 | Create | Archer |
| 13:47 | Create | Archer |
| 14:07 | Build | Watch Tower |
| 14:31 | Build | Farm |
| 14:42 | Create | Archer |
| 14:50 | Create | Archer |
| 14:50 | Create | Archer |
| 14:56 | Create | Villager (Male) |
| 15:04 | Build | Blacksmith |
| 15:11 | Build | Watch Tower |
| 15:36 | Build | Farm |
| 16:22 | Create | Archer |
| 16:22 | Create | Archer |
| 16:22 | Create | Archer |
| 16:23 | Create | Archer |
| 16:23 | Create | Archer |
| 16:27 | Create | Villager (Male) |
| 16:34 | Build | House |
| 17:11 | Build | Market |
| 17:55 | Build | Farm |
| 17:58 | Create | Villager (Male) |
| 18:09 | Research | Fletching |
| 18:32 | Build | Farm |
| 18:34 | Build | Farm |
| 18:36 | Build | Farm |
| 18:48 | Research | Padded Archer Armor |
| 18:49 | Create | Villager (Male) |
| 18:49 | Create | Villager (Male) |
| 18:50 | Create | Villager (Male) |
| 18:58 | Create | Villager (Male) |
| 18:58 | Create | Villager (Male) |
| 19:19 | Build | Watch Tower |
| 19:27 | Create | Archer |
| 19:27 | Create | Archer |
| 19:33 | Create | Villager (Male) |
| 20:26 | Create | Villager (Male) |
| 20:27 | Create | Villager (Male) |
| 20:38 | Create | Villager (Male) |
| 21:16 | Build | Watch Tower |
| 21:24 | Create | Archer |
| 21:24 | Create | Archer |
| 22:16 | Create | Archer |
| 22:16 | Create | Archer |
| 22:16 | Create | Archer |
| 22:16 | Create | Archer |
| 22:32 | Create | Villager (Male) |
| 22:32 | Create | Villager (Male) |
| 23:13 | Create | Villager (Male) |
| 23:27 | Build | Watch Tower |
| 23:35 | Create | Villager (Male) |
| 23:36 | Create | Archer |
| 23:42 | Build | Farm |
| 24:18 | Build | Farm |
| 24:37 | Create | Villager (Male) |
| 24:37 | Create | Villager (Male) |
| 24:40 | Build | Farm |
| 24:57 | Build | Watch Tower |
| 25:17 | Build | Watch Tower |
| 25:22 | Create | Villager (Male) |
| 25:23 | Create | Archer |
| 25:23 | Create | Archer |
| 25:36 | Build | House |
| 25:43 | Build | House |
| 26:06 | Create | Villager (Male) |
| 26:33 | Build | Farm |
| 26:36 | Create | Villager (Male) |
| 27:16 | Build | Watch Tower |
| 27:22 | Create | Villager (Male) |
| 27:35 | Build | Watch Tower |
| 27:38 | Create | Archer |
| 27:38 | Create | Archer |
| 29:06 | Build | Mining Camp |
| 30:01 | Research | Castle Age |
| 30:12 | Build | Watch Tower |
| 30:23 | Create | Archer |
| 30:23 | Create | Archer |
| 30:23 | Create | Archer |
| 30:54 | Build | Mill |
| 31:38 | Build | Lumber Camp |
Build order — TRUM
148 actions detected in the replay
| 0:01 | Create | Villager (Male) |
| 0:02 | Build | House |
| 0:03 | Build | House |
| 0:21 | Create | Villager (Male) |
| 0:22 | Create | Villager (Male) |
| 0:22 | Create | Villager (Male) |
| 0:22 | Create | Villager (Male) |
| 0:22 | Create | Villager (Male) |
| 1:12 | Create | Villager (Male) |
| 1:12 | Create | Villager (Male) |
| 1:12 | Create | Villager (Male) |
| 1:14 | Build | Palisade Wall |
| 1:41 | Create | Villager (Male) |
| 1:41 | Create | Villager (Male) |
| 1:41 | Create | Villager (Male) |
| 2:24 | Create | Villager (Male) |
| 2:24 | Create | Villager (Male) |
| 2:24 | Create | Villager (Male) |
| 2:24 | Create | Villager (Male) |
| 2:48 | Create | Villager (Male) |
| 2:48 | Create | Villager (Male) |
| 3:02 | Create | Villager (Male) |
| 3:02 | Create | Villager (Male) |
| 3:17 | Create | Villager (Male) |
| 3:17 | Create | Villager (Male) |
| 3:17 | Create | Villager (Male) |
| 3:22 | Build | Settlement |
| 3:43 | Create | Villager (Male) |
| 3:43 | Create | Villager (Male) |
| 4:26 | Research | Loom |
| 4:26 | Research | Loom |
| 5:03 | Create | Villager (Male) |
| 5:03 | Create | Villager (Male) |
| 5:03 | Create | Villager (Male) |
| 5:25 | Create | Villager (Male) |
| 5:25 | Create | Villager (Male) |
| 5:26 | Create | Villager (Male) |
| 5:26 | Create | Villager (Male) |
| 5:26 | Create | Villager (Male) |
| 5:40 | Create | Villager (Male) |
| 5:40 | Create | Villager (Male) |
| 5:40 | Create | Villager (Male) |
| 6:22 | Build | House |
| 6:52 | Build | Town Center |
| 7:35 | Create | Villager (Male) |
| 7:36 | Create | Villager (Male) |
| 7:36 | Create | Villager (Male) |
| 7:36 | Create | Villager (Male) |
| 8:30 | Build | House |
| 9:01 | Create | Villager (Male) |
| 9:01 | Create | Villager (Male) |
| 9:01 | Create | Villager (Male) |
| 9:01 | Create | Villager (Male) |
| 9:01 | Create | Villager (Male) |
| 9:25 | Create | Villager (Male) |
| 9:25 | Create | Villager (Male) |
| 9:25 | Create | Villager (Male) |
| 9:42 | Create | Villager (Male) |
| 9:43 | Create | Villager (Male) |
| 9:43 | Create | Villager (Male) |
| 10:16 | Create | Villager (Male) |
| 10:17 | Create | Villager (Male) |
| 10:17 | Create | Villager (Male) |
| 10:53 | Create | Villager (Male) |
| 11:43 | Build | House |
| 11:46 | Create | Villager (Male) |
| 12:18 | Research | Feudal Age |
| 12:18 | Research | Feudal Age |
| 12:45 | Build | Settlement |
| 12:56 | Build | Barracks |
| 14:28 | Age | Feudal Age |
| 14:31 | Research | Town Watch |
| 14:31 | Research | Town Watch |
| 14:37 | Build | Settlement |
| 14:55 | Build | Watch Tower |
| 15:03 | Build | Archery Range |
| 15:10 | Create | Villager (Male) |
| 15:23 | Create | Villager (Male) |
| 15:25 | Build | Blacksmith |
| 15:37 | Create | Skirmisher |
| 15:37 | Create | Skirmisher |
| 16:11 | Build | Farm |
| 16:14 | Research | Fletching |
| 16:14 | Research | Fletching |
| 16:18 | Build | Farm |
| 16:21 | Create | Villager (Male) |
| 16:24 | Create | Skirmisher |
| 16:59 | Build | Farm |
| 17:00 | Create | Villager (Male) |
| 17:00 | Create | Villager (Male) |
| 17:18 | Build | Farm |
| 17:30 | Build | Farm |
| 17:31 | Build | Farm |
| 18:04 | Build | Watch Tower |
| 18:06 | Build | Settlement |
| 18:19 | Build | Palisade Wall |
| 18:20 | Build | Palisade Wall |
| 18:20 | Build | Palisade Wall |
| 18:22 | Build | Palisade Wall |
| 18:22 | Build | Palisade Wall |
| 18:28 | Create | Skirmisher |
| 18:29 | Create | Villager (Male) |
| 18:32 | Build | Farm |
| 18:42 | Create | Skirmisher |
| 18:57 | Create | Skirmisher |
| 19:13 | Create | Villager (Male) |
| 19:17 | Build | Watch Tower |
| 19:20 | Build | Farm |
| 19:25 | Build | House |
| 19:30 | Create | Skirmisher |
| 19:31 | Create | Skirmisher |
| 20:15 | Build | Watch Tower |
| 20:21 | Create | Villager (Male) |
| 20:24 | Build | Farm |
| 20:26 | Build | Farm |
| 20:41 | Research | Padded Archer Armor |
| 20:41 | Research | Padded Archer Armor |
| 20:46 | Create | Skirmisher |
| 20:54 | Create | Villager (Male) |
| 20:58 | Create | Skirmisher |
| 22:03 | Create | Villager (Male) |
| 22:52 | Create | Skirmisher |
| 23:01 | Build | Settlement |
| 23:19 | Build | Market |
| 23:21 | Build | Settlement |
| 23:31 | Create | Villager (Male) |
| 23:47 | Create | Skirmisher |
| 24:12 | Build | Watch Tower |
| 25:07 | Research | Castle Age |
| 25:07 | Research | Castle Age |
| 25:56 | Research | Stone Mining |
| 25:56 | Research | Stone Mining |
| 25:56 | Research | Stone Mining |
| 26:02 | Research | Double-Bit Axe |
| 26:02 | Research | Double-Bit Axe |
| 27:47 | Age | Castle Age |
| 27:49 | Build | Castle |
| 29:06 | Build | Town Center |
| 29:27 | Create | Villager (Male) |
| 29:47 | Create | Villager (Male) |
| 30:58 | Build | Siege Workshop |
| 31:16 | Create | Villager (Male) |
| 31:28 | Create | Villager (Male) |
| 31:30 | Create | Unit 2579 |
| 31:30 | Create | Unit 2579 |
| 31:58 | Research | Bodkin Arrow |
| 31:58 | Research | Bodkin Arrow |
| 32:15 | Create | Mangonel |
Match timeline
| 1:14 | TRUM · wall_segment Palisade Wall x1 |
| 5:26 | DS_Rene Lavand · first_building Barracks |
| 9:13 | DS_Rene Lavand · age_up feudal |
| 9:45 | DS_Rene Lavand · first_building Archery Range |
| 12:50 | DS_Rene Lavand · wall_segment Palisade Wall x1 |
| 12:56 | TRUM · first_building Barracks |
| 14:28 | TRUM · age_up feudal |
| 15:03 | TRUM · first_building Archery Range |
| 18:05 | DS_Rene Lavand · first_market_sell 100 stone |
| 18:07 | DS_Rene Lavand · first_market_buy 100 food |
| 18:19 | TRUM · wall_segment Palisade Wall x1 |
| 18:20 | TRUM · wall_segment Palisade Wall x1 |
| 18:20 | TRUM · wall_segment Palisade Wall x1 |
| 18:22 | TRUM · wall_segment Palisade Wall x1 |
| 18:22 | TRUM · wall_segment Palisade Wall x1 |
| 24:59 | TRUM · first_market_sell 100 wood |
| 26:49 | TRUM · first_market_buy 100 stone |
| 27:47 | TRUM · age_up castle |
| 27:49 | TRUM · first_building Castle |
| 30:58 | TRUM · first_building Siege Workshop |
| 32:42 | DS_Rene Lavand · resign |
[ AI ANALYSIS · 1 CREDIT ]
What really happened in this match?
Wolo.gg analyzes every decision: build order, eco, micro, common mistakes by bracket. Personalized analysis on WhatsApp or Discord in 30 seconds.
Civ guide
Mongols
Perfil
DS_Rene Lavand